 Dungeon Crawl Stone Soup version 0.30-b1-2-g02819fbbbe (webtiles) character file.

Game seed: 5800390645699870890

552 Metae the Covered (level 7, -5/61 HPs)
             Began as a Minotaur Fighter on July 3, 2023.
             Slain by a steam dragon (8 damage)
             ... on level 5 of the Dungeon.
             The game lasted 00:08:06 (3455 turns).

Metae the Covered (Minotaur Fighter)                Turns: 3455, Time: 00:08:07

Health: -5/61      AC: 11    Str: 22    XL:     7   Next: 8%
Magic:  6/6        EV:  9    Int:  5    God:
Gold:   162        SH:  5    Dex: 10    Spells: 6/6 levels left

rFire   . . .        a - +0 war axe
rCold   . . .        c - +0 buckler
rNeg    . . .        j - +0 chain mail
rPois   .            (helmet restricted)
rElec   .            g - +0 cloak
rCorr   +            (no gloves)
SInv    .            (no boots)
Will    .....        (no amulet) Stlth
                     k - ring of resist corrosion
HPRegen 0.30/turn    (no ring)
MPRegen 0.10/turn

%: no passive effects
@: no status effects
A: horns 2, retaliatory headbutt
a: no special abilities


You were on level 5 of the Dungeon.
You visited 1 branch of the dungeon, and saw 5 of its levels.
You also visited: Sewer.

You collected 162 gold pieces.

Inventory:

Hand Weapons
 a - a +0 war axe (weapon)
 i - a +0 sling
 v - a +1 heavy sling
Missiles
 b - 98 stones (quivered)
Armour
 c - a +0 buckler (worn)
 g - a +0 cloak (worn)
 j - a +0 chain mail (worn)
Jewellery
 k - a ring of resist corrosion (left hand)
 o - an amulet of magic regeneration
 s - a +5 ring of evasion
Scrolls
 e - 3 scrolls of teleportation {unknown}
 f - a scroll of poison {unknown}
 h - 2 scrolls of torment {unknown}
 l - 5 scrolls of identify {unknown}
 p - 4 scrolls of fog {unknown}
 r - a scroll of immolation {unknown}
 t - a scroll of amnesia {unknown}
 w - a scroll of fear {unknown}
 y - a scroll of enchant armour {unknown}
Potions
 d - 2 potions of might
 m - 2 potions of berserk rage {unknown}
 n - a potion of degeneration {unknown}
 q - a potion of curing {unknown}
 u - a potion of cancellation {unknown}
 x - a potion of heal wounds {unknown}
 z - a potion of resistance {unknown}
 A - 2 potions of mutation {unknown}
 B - a potion of brilliance {unknown}


   Skills:
 + Level 5.4 Fighting
 + Level 4.5 Axes
 + Level 5.4 Armour
 + Level 3.4 Dodging
 + Level 5.3 Shields


You had 6 spell levels left.
You didn't know any spells.
Your spell library contained the following spells:

 Spells                   Type           Power      Damage    Failure   Level
 Necrotise                Necr           0%         1d4       98%         1


Dungeon Overview and Level Annotations

Branches:
Dungeon (5/15)              Sewer (visited)
 Temple: D:4-7

Altars:
Ashenzari
Fedhas
Kikubaaqudgha
Okawaru
Sif Muna
Vehumet
Wu Jian


Innate Abilities, Weirdness & Mutations

You have a pair of horns on your head.
You reflexively headbutt those who attack you in melee.


Message History

You are engulfed in a cloud of scalding steam.
You are engulfed in a cloud of scalding steam.
The steam dragon breathes steam at you. The ball of steam hits you!
There is an escape hatch in the floor here.
You are engulfed in a cloud of scalding steam.
The steam dragon bites you but does no damage.
The steam dragon claws you.
You barely miss the steam dragon. Your headbutt misses the steam dragon.
You are engulfed in a cloud of scalding steam.
The steam dragon bites you. The steam dragon claws you.
You barely miss the steam dragon. The steam dragon breathes steam at you.
The ball of steam hits you!
You barely miss the steam dragon.
You headbutt the steam dragon, but do no damage.
You are engulfed in a cloud of scalding steam.
* * * LOW HITPOINT WARNING * * *
The steam dragon bites you but does no damage.
The steam dragon claws you but does no damage.
You closely miss the steam dragon. Your headbutt misses the steam dragon.
You are engulfed in a cloud of scalding steam.
* * * LOW HITPOINT WARNING * * *
The steam dragon barely misses you.
The steam dragon claws you but does no damage.
The steam dragon barely misses you. The steam dragon completely misses you.
Okay, then.
The steam dragon attacks as you move away!
The steam dragon bites you.
* * * LOW HITPOINT WARNING * * *
The steam dragon claws you but does no damage.
The steam dragon attacks as you move away!
You block the steam dragon's attack.
The steam dragon claws you but does no damage.
The steam dragon attacks as you move away!
The steam dragon bites you but does no damage.
The steam dragon misses you.
The steam dragon attacks as you move away!
The steam dragon bites you!
You die...

#..... ######.#### .
#.#gg+..##########
#.#..##...........
#.##########.#####
#....## #.# #.....# #.#
#######.....# #.#
#...........# #.#
#......@.#########.#####
#......D.# #..........
#........# #.###.####.
#......>.# #.#....<.#.
#........#####.##.....#.
#........+....<##.##.##.
#........#####.##.##.##.
#........# #.##.##.##.
####+##### #.##....##.


You could see a steam dragon.

Vanquished Creatures
  Pargi (Sewer)
  A scorpion (D:5)
  A howler monkey (D:5)
  A jelly (D:5)
  A hound (D:4)
  An iguana (D:5)
  A sleepcap (D:5)
  A gnoll (D:1)
  11 adders
  4 worms
  A dart slug (D:2)
  15 orcs
  7 ball pythons
  5 bats
  10 endoplasms
  4 giant cockroaches
  6 goblins
  13 hobgoblins
  4 jackals (D:2)
  A quokka (D:3)
  7 frilled lizards
  3 kobolds
  8 rats
107 creatures vanquished.

Vanquished Creatures (others)
  A plant (D:3)
1 creature vanquished.

Grand Total: 108 creatures vanquished

Notes
Turn   | Place    | Note
-------+----------+-------------------------------------------
     0 | D:1      | Metae the Minotaur Fighter began the quest for the Orb.
     0 | D:1      | Reached XP level 1. HP: 19/19 MP: 0/0
    72 | D:1      | Reached XP level 2. HP: 27/27 MP: 1/1
   247 | D:1      | Reached skill level 1 in Dodging
   603 | D:1      | Reached XP level 3. HP: 33/33 MP: 2/2
  1227 | D:2      | Reached XP level 4. HP: 40/40 MP: 3/3
  1771 | D:3      | Found a blossoming altar of Fedhas.
  1806 | D:3      | Found a broken altar of Ashenzari.
  1869 | D:3      | Reached XP level 5. HP: 47/47 MP: 4/4
  2435 | D:4      | Found a radiant altar of Vehumet.
  2444 | D:4      | Found an ancient bone altar of Kikubaaqudgha.
  2446 | D:4      | Found a shimmering blue altar of Sif Muna.
  2451 | D:4      | Got Kikubaaqudgha's Grimoire of Lamentation
  2466 | D:4      | Found an iron altar of Okawaru.
  2845 | D:4      | Found an ornate altar of the Wu Jian Council.
  2898 | D:5      | Entered Level 5 of the Dungeon
  2996 | D:5      | Reached XP level 6. HP: 40/55 MP: 5/5
  3020 | D:5      | Reached skill level 5 in Fighting
  3020 | D:5      | Reached skill level 5 in Armour
  3026 | D:5      | Reached skill level 5 in Shields
  3082 | D:5      | Found a glowing drain.
  3097 | Sewer    | Entered a sewer
  3175 | Sewer    | Noticed Pargi
  3187 | Sewer    | Killed Pargi
  3188 | Sewer    | Reached XP level 7. HP: 59/61 MP: 6/6
  3442 | D:5      | Noticed a steam dragon
  3451 | D:5      | HP: 2/61 [steam dragon (2)]
  3455 | D:5      | Slain by a steam dragon

Illustrated notes

Levels and vault maps discovered:
D:1:      ncdulo_smallfort, layout_basic, dreamdust_princess_bridge
D:2:      layout_basic, minmay_octomino_e4
D:3:      layout_loops_ring, fedhas_altar_1, overflow_temple_1_default
D:4:      layout_rooms, grunt_temple_overflow_magic_moments,
          mainiacjoe_overflow_alcove_2, nzn_wu_jian_contemplation
D:5:      layout_basic, worldfamousw_hep_ancestral_shrine,
          mainiacjoe_overflow_alcove_4, cheibrodos_sewer_entry_bend,
          corexii_checkpoint_b, grunt_decor_fettered

Skill      XL: |  1  2  3  4  5  6 |
---------------+-------------------+-----
Dodging        | 1 2 3 |  3.4
Shields        | 4 5 |  5.3
Fighting       | 4 5 |  5.4
Armour         | 4 5 |  5.4
Axes           | 3 4 |  4.5

Action                     |  1- 3 |  4- 6 |  7- 9 || total
---------------------------+-------+-------+-------++-------
  Melee: War axe           |    71 |   143 |    16 ||   230
         Headbutt          |    13 |    20 |     3 ||    36
  Throw: Stone             |       |     2 |       ||     2
 Armour: Scale mail        |    17 |       |       ||    17
         Chain mail        |    23 |    98 |    12 ||   133
  Dodge: Dodged            |    35 |    71 |    11 ||   117
  Block: Buckler           |    13 |    42 |     4 ||    59
